Map: Jardín de sombras

Players

MrFercho

  • Race: Zerg Zerg
  • League: Gold
  • Spawn Location: 1:00

TATORREA

  • Race: Protoss Protoss
  • League: Gold
  • Spawn Location: 1:00

tigro

  • Race: Terran Terran
  • League: Bronze
  • Spawn Location: 5:00

IA (Fácil)

  • Race: Zerg Zerg
  • Spawn Location: 7:00

IA (Fácil)

  • Race: Protoss Protoss
  • Spawn Location: 7:00

IA (Fácil)

  • Race: Zerg Zerg
  • Spawn Location: 11:00

IA (Fácil)

  • Race: Zerg Zerg
  • Spawn Location: 5:00

IA (Fácil)

  • Race: Zerg Zerg
  • Spawn Location: 11:00

VOD

Have the link to the VOD?

Description

Time

  • Played on: Aug. 7, 2020, 6:59 p.m.
  • Length: 2:07
Show
View Real Time Build Order
Export as new Build Order

MrFercho Zerg 

Build Orders: Pool Only 

Get SALT Encoding   

  12  0:20  Spawning Pool  
  5  1:17  Zergling x2  
  5  1:18  Zergling x4  
  2  1:48  Zergling x4  
  2  1:51  Drone  
Show
View Real Time Build Order
Export as new Build Order

TATORREA Protoss 

Build Orders:  

Get SALT Encoding   

  12  0:03  Probe  
  13  0:15  Probe  
  13  0:20  Pylon  
  14  0:27  Probe  
  15  0:40  Probe  
  16  0:46  Gateway  
  16  0:52  Probe  
  17  1:04  Probe (Chrono Boost)  
  15  1:13  Probe (Chrono Boost)  
  14  1:23  Probe  
  15  1:36  Probe  
Show
View Real Time Build Order
Export as new Build Order

tigro Terran 

Build Orders:  

Get SALT Encoding   

  12  0:12  Supply Depot  
  12  0:15  SCV  
  13  0:27  SCV  
  14  0:38  Barracks  
  14  0:40  SCV  
  15  0:51  Refinery  
  15  0:52  SCV  
  16  1:04  SCV  
  16  1:08  Supply Depot  
  17  1:16  SCV  
  18  1:25  Marine  
  19  1:38  SCV  
  20  1:40  Refinery  
  20  1:43  Marine  
  21  1:50  SCV  
  22  1:54  Engineering Bay  
Show
View Real Time Build Order
Export as new Build Order

IA (Fácil) Zerg 

Build Orders: Pool Only 

Get SALT Encoding   

  12  0:01  Drone  
  13  0:12  Overlord  
  13  0:17  Drone  
  14  0:30  Drone  
  14  0:35  Drone  
  16  0:44  Spawning Pool  
  16  0:47  Extractor, Drone  
  15  0:51  Drone  
  16  0:59  Overlord  
  16  1:31  Zergling x2  
  17  1:34  Roach Warren  
  17  1:36  Extractor  
  17  1:38  Drone  
  18  1:43  Drone  
Show
View Real Time Build Order
Export as new Build Order

IA (Fácil) Protoss 

Build Orders:  

Get SALT Encoding   

  12  0:01  Probe  
  13  0:13  Probe  
  14  0:21  Pylon  
  14  0:25  Probe  
  15  0:35  Probe  
  16  0:45  Assimilator  
  16  0:51  Gateway  
  16  0:56  Pylon  
  16  1:17  Assimilator  
  16  1:31  Zealot  
  16  1:42  Cybernetics Core  
  18  2:07  Pylon  
Show
View Real Time Build Order
Export as new Build Order

IA (Fácil) Zerg 

Build Orders: Pool Only 

Get SALT Encoding   

  12  0:01  Drone  
  13  0:12  Overlord  
  13  0:17  Drone  
  14  0:30  Drone  
  14  0:35  Drone  
  16  0:44  Spawning Pool  
  16  0:46  Extractor  
  16  0:48  Drone  
  15  0:52  Drone  
  16  1:00  Overlord  
  16  1:31  Zergling x2  
  17  1:34  Roach Warren  
  17  1:36  Drone  
  19  1:40  Extractor  
  19  1:43  Zergling x2, Drone  
Show
View Real Time Build Order
Export as new Build Order

IA (Fácil) Zerg 

Build Orders: Pool Only 

Get SALT Encoding   

  12  0:01  Drone  
  13  0:12  Overlord  
  13  0:17  Drone  
  14  0:30  Drone  
  14  0:35  Drone  
  16  0:42  Spawning Pool  
  16  0:45  Extractor  
  16  0:47  Drone  
  15  0:52  Drone  
  16  0:59  Overlord  
  16  1:29  Zergling x2  
  19  1:33  Roach Warren  
  19  1:34  Extractor  
  19  1:37  Drone  
  18  1:42  Drone  
Show
View Real Time Build Order
Export as new Build Order

IA (Fácil) Zerg 

Build Orders: Pool Only 

Get SALT Encoding   

  12  0:01  Drone  
  13  0:11  Overlord  
  13  0:17  Drone  
  14  0:30  Drone  
  14  0:34  Drone  
  16  0:44  Spawning Pool  
  16  0:47  Extractor, Drone  
  15  0:51  Drone  
  16  0:57  Overlord  
  16  1:30  Zergling x2  
  16  1:32  Roach Warren  
  16  1:33  Extractor  
  16  1:35  Drone  
  18  1:41  Drone  
Tags
 
Add a new tag
Caveats
  • Supply blocks, unpowered buildings, or Contaminate may cause inaccurate times.
  • Supply counts are checked every 10 seconds.